Map: Automaton LE

Players

HeroMarine - Winner!

  • Race: Terran Terran
  • Spawn Location: 3:00

Sonix

  • Race: Zerg Zerg
  • Spawn Location: 9:00

Event: 2019 WCS Spring

VOD

Have the link to the VOD?

Description

Time

  • Played on: May 17, 2019, 6:33 a.m.
  • Length: 8:23

All games in this series

Show
View Real Time Build Order
Export as new Build Order

HeroMarine Terran - Winner!

Build Orders: Gas First Reaper Expand 

Get SALT Encoding   

  12  0:00  SCV  
  13  0:12  SCV  
  14  0:18  Supply Depot  
  14  0:24  SCV  
  15  0:29  Refinery  
  15  0:39  SCV  
  16  0:45  Barracks  
  16  0:51  SCV  
  17  1:03  SCV  
  18  1:15  SCV  
  19  1:32  Reaper, Orbital Command  
  20  1:46  Command Center  
  20  1:58  Factory  
  20  2:02  SCV  
  20  2:07  Barracks Reactor  
  21  2:14  SCV  
  22  2:18  Supply Depot  
  22  2:22  Refinery  
  22  2:26  SCV  
  23  2:39  SCV  
  24  2:48  Starport  
  24  2:51  SCV  
  24  2:54  Hellion x2  
  29  2:59  Orbital Command  
  29  3:03  SCV  
  30  3:07  Barracks Tech Lab  
  30  3:15  SCV  
  30  3:18  Hellion  
  33  3:21  Hellion  
  33  3:26  SCV  
  36  3:28  SCV  
  36  3:34  Raven  
  37  3:36  Barracks Tech Lab  
  37  3:38  SCV  
  37  3:40  SCV  
  41  3:46  Supply Depot  
  41  3:50  SCV  
  41  3:52  SCV  
  41  3:54  Stimpack, Marine  
  44  4:02  SCV  
  45  4:04  SCV  
  45  4:08  Hellion x2  
  45  4:09  Supply Depot  
  49  4:12  Marine  
  49  4:14  SCV  
  49  4:16  SCV  
  52  4:17  Viking  
  54  4:30  SCV x2  
  54  4:31  Hellion x2, Supply Depot  
  60  4:42  SCV x2  
  62  4:54  SCV x2  
  59  5:06  SCV, Command Center  
  59  5:07  SCV  
  59  5:08  Starport Reactor, Marine  
  59  5:09  Factory Reactor  
  60  5:19  SCV x2, Barracks x2  
  62  5:25  Marine  
  62  5:26  Siege Tank  
  66  5:28  Supply Depot  
  66  5:31  SCV x2  
  68  5:40  Engineering Bay  
  68  5:41  Engineering Bay  
  68  5:43  Marine  
  68  5:44  SCV  
  70  5:50  SCV  
  70  5:52  Starport Reactor  
  70  5:53  Supply Depot  
  70  5:56  SCV  
  72  5:58  Siege Tank  
  72  6:01  Marine  
  77  6:06  Refinery x2  
  77  6:08  Terran Infantry Weapons Level 1, Terran Infantry Armor Level 1  
  78  6:16  Barracks  
  78  6:18  Barracks  
  76  6:19  Orbital Command  
  76  6:20  Combat Shield  
  76  6:26  Marine x5  
  76  6:29  SCV x2  
  83  6:35  Siege Tank  
  83  6:38  Supply Depot  
  86  6:43  SCV, Marine  
  86  6:44  SCV, Orbital Command, Marine x4  
  93  6:51  Medivac x2  
  97  6:55  SCV  
  97  6:56  SCV  
  99  7:04  Marine x3  
  99  7:07  Armory, SCV, Marine  
  99  7:08  SCV, Supply Depot  
  104  7:09  Barracks Reactor x2  
  104  7:10  SCV  
  106  7:19  SCV  
  106  7:20  SCV  
  108  7:24  Supply Depot  
  108  7:26  SCV  
  108  7:29  Siege Tank  
  112  7:31  SCV  
  112  7:32  Marine x2  
  112  7:33  SCV, Marine  
  117  7:40  Refinery x2  
  117  7:43  Supply Depot  
  117  7:44  Supply Depot  
  117  7:45  SCV, Marine x2  
  117  7:46  SCV x2  
  117  7:47  Missile Turret, Supply Depot  
  117  7:48  Marine  
  117  7:49  Marine x2  
  125  8:04  SCV x3, Marine x3  
Show
View Real Time Build Order
Export as new Build Order

Sonix Zerg 

Build Orders: Hatch First, Zergling Baneling 

Get SALT Encoding   

  12  0:01  Drone  
  13  0:11  Drone  
  14  0:22  Overlord  
  14  0:41  Drone  
  14  0:42  Drone x2  
  17  0:56  Hatchery  
  16  0:59  Drone  
  17  1:13  Spawning Pool  
  17  1:16  Drone  
  17  1:20  Drone  
  17  1:24  Extractor  
  17  1:29  Drone  
  18  1:38  Overlord  
  18  1:47  Drone  
  19  1:59  Queen  
  21  2:02  Zergling x2  
  22  2:08  Drone x2  
  22  2:10  Queen  
  26  2:18  Drone  
  27  2:24  Metabolic Boost  
  27  2:26  Drone  
  28  2:36  Zergling x4  
  29  2:50  Drone x2  
  31  2:55  Baneling Nest  
  31  2:57  Zergling x2  
  31  2:58  Zergling x2  
  32  3:15  Zergling x6  
  32  3:16  Overlord x2  
  35  3:20  Overlord  
  35  3:34  Overlord  
  35  3:35  Zergling x8  
  39  3:57  Zergling x4  
  39  3:58  Zergling x12  
  39  4:01  Drone  
  48  4:04  Spore Crawler  
  48  4:09  Drone  
  48  4:14  Baneling x5  
  48  4:16  Baneling x3  
  48  4:19  Drone x2  
  48  4:21  Zergling x4  
  48  4:22  Zergling x2  
  48  4:23  Drone  
  54  4:30  Extractor  
  39  4:56  Zergling x8  
  38  5:00  Extractor, Queen  
  38  5:04  Drone x4  
  40  5:07  Zergling x2  
  40  5:13  Lair  
  41  5:23  Drone  
  41  5:24  Drone  
  41  5:25  Drone x2  
  41  5:27  Extractor  
  44  5:30  Baneling  
  44  5:35  Drone x2  
  46  5:36  Spine Crawler  
  46  5:37  Spine Crawler  
  46  5:41  Spine Crawler  
  43  5:53  Drone x2  
  43  5:54  Drone x2  
  44  6:08  Drone x3  
  46  6:13  Drone x2  
  46  6:15  Spire  
  47  6:19  Overlord  
  47  6:28  Baneling  
  47  6:42  Drone x2  
  49  6:47  Overlord x2  
  49  7:03  Drone  
  49  7:07  Overlord  
  49  7:08  Overlord  
  50  7:11  Spore Crawler  
  49  7:28  Mutalisk x7  
  49  7:29  Mutalisk x4  
  71  7:30  Mutalisk  
  73  7:48  Mutalisk  
  75  7:57  Hatchery  
Tags
 
Add a new tag
Caveats
  • Supply blocks, unpowered buildings, or Contaminate may cause inaccurate times.
  • Supply counts are checked every 10 seconds.